Map: Apotheosis LE

Players

trimlinger

  • Race: Zerg Zerg
  • League: Diamond

llllllllllll - Winner!

  • Race: Protoss Protoss
  • League: Diamond

VOD

Have the link to the VOD?

Description

Time

  • Played on: Sept. 25, 2016, 9:46 p.m.
  • Length: 6:55
Show
View Real Time Build Order
Export as new Build Order

trimlinger Zerg 

Build Orders: 3 Hatch before Pool 

Get SALT Encoding   

  12  0:00  Drone  
  13  0:12  Overlord  
  13  0:17  Drone  
  14  0:31  Drone x2  
  16  0:36  Drone  
  17  0:55  Hatchery  
  16  0:58  Drone  
  16  1:02  Drone  
  18  1:08  Drone  
  19  1:25  Hatchery  
  18  1:27  Drone  
  19  1:33  Drone  
  20  1:40  Drone  
  22  2:01  Drone  
  22  2:07  Drone  
  23  2:08  Drone  
  23  2:11  Spawning Pool  
  23  2:16  Drone  
  23  2:22  Drone x2  
  27  2:30  Drone  
  27  2:33  Overlord  
  27  2:50  Drone  
  27  2:51  Drone x4  
  30  2:57  Extractor x2  
  30  3:01  Roach Warren  
  30  3:02  Drone  
  30  3:03  Drone x2  
  32  3:05  Hatchery  
  31  3:21  Queen x2  
  31  3:26  Drone  
  36  3:28  Overlord  
  36  3:35  Overlord  
  36  3:36  Overlord x2  
  35  3:47  Roach  
  35  3:48  Roach x3  
  43  3:57  Roach  
  42  4:10  Roach Warren, Spine Crawler x2  
  42  4:13  Spine Crawler  
  24  4:50  Roach x5  
  34  4:56  Spawning Pool  
  29  5:27  Extractor  
  28  5:30  Extractor  
  25  5:43  Zergling x2  
  25  5:44  Zergling x4  
  25  5:47  Roach Warren  
  27  5:54  Spine Crawler  
  27  5:55  Spine Crawler  
  23  6:00  Drone  
  23  6:02  Spawning Pool  
  19  6:18  Drone x2  
  15  6:27  Roach  
Show
View Real Time Build Order
Export as new Build Order

llllllllllll Protoss - Winner!

Build Orders:  

Get SALT Encoding   

  12  0:01  Probe (Chrono Boost)  
  13  0:11  Probe (Chrono Boost)  
  14  0:20  Pylon  
  14  0:23  Probe (Chrono Boost)  
  15  0:38  Probe (Chrono Boost)  
  16  0:49  Probe (Chrono Boost)  
  17  0:53  Pylon  
  17  1:12  Gateway  
  17  1:13  Gateway  
  17  1:16  Gateway  
  17  1:23  Gateway  
  17  1:33  Forge  
  17  1:53  Pylon  
  17  2:03  Pylon  
  17  2:13  Photon Cannon  
  17  2:16  Photon Cannon  
  17  2:17  Zealot  
  17  2:18  Zealot  
  21  2:25  Zealot  
  23  2:32  Zealot  
  25  2:44  Zealot  
  27  2:53  Zealot x2  
  31  3:05  Pylon  
  31  3:09  Photon Cannon  
  31  3:14  Zealot  
  33  3:25  Zealot  
  35  3:28  Zealot  
  37  3:35  Zealot  
  39  3:43  Zealot  
  41  3:52  Zealot  
  45  3:55  Zealot  
  45  4:12  Zealot x2  
  39  4:26  Zealot x2  
  43  4:51  Zealot x2  
  47  4:53  Zealot x2  
  45  5:18  Zealot  
  45  5:19  Zealot  
  45  5:21  Assimilator  
  45  5:25  Assimilator  
  45  5:28  Cybernetics Core  
  31  6:19  Zealot x4  
Tags
 
Add a new tag
Caveats
  • Supply blocks, unpowered buildings, or Contaminate may cause inaccurate times.
  • Supply counts are checked every 10 seconds.